 Dungeon Crawl Stone Soup version 0.32-a0-290-g598725c5f2 (webtiles) character file.

Game seed: 6875641206542823794

7 Bravepunisher the Ducker (level 1, -1/11 HPs)
             Began as a Spriggan Monk on Feb 13, 2024.
             Slain by a gnoll
             ... wielding a +1 whip of pain
             ... led by a gnoll bouda
              (3 damage)
             ... on level 7 of the Dungeon.
             The game lasted 00:03:46 (524 turns).

Bravepunisher the Ducker (Spriggan Monk)             Turns: 524, Time: 00:03:47

Health: -1/11      AC:  2    Str:  7    XL:     1   Next: 91%
Magic:  2/2        EV: 19    Int: 11    God:
Gold:   0          SH:  0    Dex: 17    Spells: 0/0 levels left

rFire   . . .        a - +0 short sword
rCold   . . .        (no shield)
rNeg    . . .        b - +0 robe
rPois   .            (helmet restricted)
rElec   .            (no cloak)
rCorr   .            (gloves unavailable)
SInv    +            (boots unavailable)
Will    .....        (no amulet)
Stlth   ++           (no ring)
HPRegen 0.21/turn    (no ring)
MPRegen 0.08/turn

%: no passive effects
@: weak-willed, hasted, very quick
A: very small, no large weapons, unfitting armour, see invisible, speed 3
a: no special abilities


You were on level 7 of the Dungeon.
You visited 1 branch of the dungeon, and saw 7 of its levels.

Inventory:

Hand Weapons
 a - a +0 short sword (weapon)
Armour
 b - a +0 robe (worn)


   Skills:
 + Level 2.5 Fighting
 - Level 3.2 Short Blades
 * Level 4.5 Dodging


You couldn't memorise any spells.
You didn't know any spells.
Your spell library was empty.

Dungeon Overview and Level Annotations

Branches:
Dungeon (7/15)
 Temple: D:4-7

Altars:
Yredelemnul

Shops:
D:6 (

Annotations:
D:4 Natasha


Innate Abilities, Weirdness & Mutations

You are very small and have problems with some larger weapons.
You are too small for most types of armour.
You have supernaturally acute eyesight. (SInv)
You cover ground extremely quickly. (Speed+++)


Message History

A gnoll comes into view. It is wielding a +1 whip of pain.
Found a fuming amethyst potion.
The gnoll shouts!
A gnoll comes into view. It is wielding a +0 club.
An ufetubus comes into view.
The ufetubus shouts!
An ufetubus comes into view.
The ufetubus attacks as it pursues you! The ufetubus misses you.
The ufetubus barely misses you.
You miss the ufetubus. The ufetubus misses you. x2
The ufetubus closely misses you. The ufetubus hits you.
As you read the scroll labelled QAKIPUDAYR, it crumbles to dust.
A wave of despondency washes over your surroundings.
It was a scroll of vulnerability.
The ufetubus hits you. x2
Hit: a) +0 short sword
Press: ? - help, Dir - move target, f - ufetubus
Aim: an ufetubus (weak-willed, about 52% to evade your +0 short sword)
You hit the ufetubus.
The ufetubus is lightly wounded.
The ufetubus closely misses you. The ufetubus barely misses you.
As you read the scroll labelled SUFADE RUZIT, it dissolves into smoke.
It was a scroll of fog.
The ufetubus completely misses you. The ufetubus misses you.
The ufetubus barely misses you. The ufetubus hits you.
* * * LOW HITPOINT WARNING * * *
Unknown command.
It was a potion of haste.
You feel yourself speed up. The gnoll completely misses you.
Unknown command.
You closely miss the gnoll.
The ufetubus shouts!
A hound comes into view.
The ufetubus hits you but does no damage.
The ufetubus misses you.
Unknown command.
You closely miss the gnoll.
The hound barks!
The ufetubus hits you but does no damage.
The ufetubus closely misses you.
The gnoll hits you with a +1 whip of pain.
You die...

...# #..# #.# ...#
#.# ##.###### #.#
#.......# #.#
#.......# #.#
#.......###.#
#.##..g..##.#######
#.....#....g.§gg@5#
....!##.##...####5#
#######.##...# #h#
..##...# #§#
######.... ...
#..####5# #..# #.#
#... #.# #.#


You could see a hound, 2 gnolls and 2 ufetubi.

Vanquished Creatures
  A giant cockroach (D:4)
  A jackal (D:1)
  A quokka (D:1)
  A ball python (D:1)
4 creatures vanquished.

Notes
Turn   | Place    | Note
-------+----------+-------------------------------------------
     0 | D:1      | Bravepunisher the Spriggan Monk began the quest for the
                  | Orb.
     0 | D:1      | Reached XP level 1. HP: 11/11 MP: 2/2
   164 | D:3      | Found a basalt altar of Yredelemnul.
   206 | D:5      | Entered Level 5 of the Dungeon
   222 | D:6      | Noticed a sleepcap
   222 | D:6      | Noticed a sky beast
   228 | D:6      | Noticed a kobold brigand
   231 | D:6      | Found Ditugel's Weapon Emporium.
   236 | D:6      | Noticed an iguana
   240 | D:5      | Noticed a phantom
   279 | D:4      | Noticed an iguana
   286 | D:4      | Noticed Natasha
   302 | D:4      | Noticed a cerulean imp
   314 | D:5      | Noticed an iguana
   418 | D:6      | Noticed an iguana
   418 | D:6      | Noticed an iguana
   437 | D:6      | Noticed a gnoll sergeant
   439 | D:6      | Noticed a hound
   484 | D:7      | Noticed a wight
   484 | D:7      | Noticed a wight
   485 | D:7      | Noticed a wight
   486 | D:7      | Noticed a gnoll bouda
   523 | D:7      | Noticed a hound
   524 | D:7      | Slain by a gnoll

Illustrated notes

Levels and vault maps discovered:
D:1:      spicycebolla_green_bress_n_ham, layout_basic, basic_ecumenical_altar
D:2:      minmay_spotlight, layout_basic, minivault_27
D:3:      layout_rooms, yredelemnul_altar_generic, serial_shops, shop
D:4:      layout_gridville, uniq_natasha
D:5:      layout_rooms, minmay_temple_entry_glass, nicolae_sextant
D:6:      layout_rooms, serial_shops, nicolae_stop_n_shop_2
D:7:      layout_basic, serial_shops, shop, lightli_corner_chamber

Action                     || total
---------------------------++-------
  Melee: Short sword       ||    42
    Use: Scroll            ||     2
         Potion            ||     2
 Armour: Robe              ||    42
  Dodge: Dodged            ||   144

Table legend: (Time is in decaauts)
 A = Elapsed time spent in this place.
 B = Non-inter-level travel time spent in this place.
 C = Inter-level travel time spent in this place.
 D = Time resting spent in this place.
 E = Time spent auto-exploring this place.
 F = Levels seen in this place.
 G = Mean time per level.
                   A        B        C        D        E       F      G
               +--------+--------+--------+--------+--------+-----+--------+
         Total |    339 |    339 |      0 |      0 |      5 |   7 |   48.4 |
       Dungeon |    339 |    339 |      0 |      0 |      5 |   7 |   48.4 |
               +--------+--------+--------+--------+--------+-----+--------+

Top non-repeatable levels by time:
     D:5: 97 daAuts
     D:1: 46 daAuts
     D:4: 43 daAuts
     D:7: 39 daAuts
     D:6: 38 daAuts
     D:2: 37 daAuts
     D:3: 35 daAuts
